 Dungeon Crawl Stone Soup version 0.30-a0-840-ga523dec638 (console) character file.

Game seed: 2511437953680264866

670 jejorda2 the Spear-Bearer (level 7, -1/56 HPs)
             Began as a Merfolk Berserker on Mar 2, 2023.
             Was a Priest of Trog.
             Succumbed to an orc's poison
             ... on level 4 of the Dungeon.
             The game lasted 00:07:45 (3969 turns).

jejorda2 the Spear-Bearer (Merfolk Berserker)       Turns: 3969, Time: 00:07:46

Health: -1/56      AC: 13    Str: 19    XL:     7   Next: 58%
Magic:  22/22      EV:  7    Int:  6    God:    Trog [***...]
Gold:   56         SH:  3    Dex: 14    Spells: 6/6 levels left

rFire   . . .      SeeInvis .    b - +0 trident
rCold   . . .      Faith    +    j - +0 buckler
rNeg    . . .      Spirit   .    y - +0 chain mail
rPois   .          Reflect  .    (no helmet)
rElec   .          Harm     .    (no cloak)
rCorr   .          Rampage  .    (no gloves)
Will    .....                    (no boots) Stlth
                                 w
                                   - Hermit's Pendant {Faith Invo=14 Evo=0 MP+5}
HPRegen 0.29/turn                u - +4 ring of protection
MPRegen 0.18/turn                (no ring)

@: lethally poisoned (-1 -> -25)
A: (nimble swimmer 2), mertail
a: Renounce Religion, Berserk, Trog's Hand


You were on level 4 of the Dungeon.
You worshipped Trog.
Trog was most pleased with you.
You visited 1 branch of the dungeon, and saw 4 of its levels.

You collected 215 gold pieces.
You spent 159 gold pieces at shops.

Inventory:

Hand Weapons
 a - a +0 halberd
 b - a +0 trident (weapon)
Missiles
 k - 24 stones (quivered)
 r - 8 poisoned darts
Armour
 j - a +0 buckler (worn)
 y - a +0 chain mail (worn)
Jewellery
 u - a +4 ring of protection (left hand)
 w - the Hermit's Pendant (around neck) {Faith Invo=14 Evo=0 MP+5}
   (You found it on level 3 of the Dungeon)

   [amulet of faith]

   Invo=14: It sets your Invocations skill to 14.
   Evo=0: It sets your Evocations skill to 0.
   It allows you to gain divine favour quickly.
   MP:        It affects your magic capacity (+5).
Scrolls
 c - 4 scrolls of identify {unknown}
 g - a scroll of enchant weapon {unknown}
 i - 3 scrolls of blinking {unknown}
 n - a scroll of vulnerability {unknown}
 p - 2 scrolls of fear {unknown}
 s - a scroll of fog {unknown}
 t - 3 scrolls of poison {unknown}
Potions
 d - a potion of resistance {unknown}
 e - 3 potions of heal wounds
 f - 3 potions of lignification {unknown}
 h - a potion of degeneration {unknown}
 l - 2 potions of flight {unknown}
 m - 2 potions of haste {unknown}
 o - 4 potions of curing
 q - a potion of might {unknown}
 v - 2 potions of invisibility {unknown}
 x - a potion of cancellation {unknown}


   Skills:
 + Level 5.4 Fighting
 * Level 8.4 Polearms
 + Level 3.3 Armour
 - Level 2.6 Dodging


You had 6 spell levels left.
You didn't know any spells.
Your spell library was empty.

Dungeon Overview and Level Annotations

Branches:
Dungeon (4/15)
 Temple: D:4-7

Altars:
Sif Muna

Shops:
D:1 !(   D:3 *((!


Innate Abilities, Weirdness & Mutations

((You are very nimble when in or above water. (Stealth+, EV+, Speed+++)))
Your lower body shifts to a powerful aquatic tail in water.


Message History

The orc barely misses you.
You struggle against the net.
You feel sick.
The gnoll hits you from afar with a +0 spear.
The orc barely misses you.
An orc comes into view. It is wielding a +0 whip.
You shred the net and break free!
You feel sick.
The orc shouts!
You hear a shout!
The orc hits you with a +1 dagger of venom.
You are more poisoned.
You block the gnoll's attack.
You closely miss the orc.
You feel very sick. The orc hits you but does no damage.
You are more poisoned.
The gnoll hits you from afar with a +0 spear.
You hit the orc but do no damage.
You feel very sick.
The orc roars loudly.
The orc hits you with a +1 dagger of venom.
The gnoll hits you but does no damage.
You barely miss the orc.
You feel very sick. The orc closely misses you.
An orc comes into view. It is wielding a +0 whip.
The gnoll hits you from afar with a +0 spear.
The orc attacks as you move away!
The orc hits you with a +1 dagger of venom.
You are lethally poisoned!
* * * LOW HITPOINT WARNING * * *
You feel very sick. The orc attacks as you move away!
The orc hits you but does no damage.
You are more poisoned.
* * * LOW HITPOINT WARNING * * *
You feel very sick. The orc attacks as you move away!
The orc hits you but does no damage.
You are more poisoned.
* * * LOW HITPOINT WARNING * * *
You feel very sick.
There is a huge open gate here.
You die...

.#.........♣♣♣P.........#
...........♣.P♣......####
.####.).....P...#.)..)##
.####........###.......##########
..................).......)......
~~~~~≈~~~≈~~~~≈~....~~~~~≈†~≈≈~~~
≈~[≈≈≈≈≈≈≈≈≈≈≈≈))...≈≈≈≈≈≈≈≈≈≈≈≈~
####≈≈~~≈~~≈)~≈~....~≈~~≈≈~~~~~~#
og #.......))..)@...............#
.. #############''''#############
## #.o..# # .# #gg..# g .# #).o.#
.# .# #..).# # .# #....# .#
'....'. .# .'....'..8 #


You could see 2 gnolls and 2 orcs.

Vanquished Creatures
  A sky beast (D:3)
  An ice beast (D:4)
  An ogre (D:4)
  A howler monkey (D:4)
  2 hounds (D:4)
  An iguana (D:4)
  Natasha (thrice) (D:3)
  10 gnolls (D:4)
  2 adders
  2 dart slugs
  7 orcs (D:4)
  2 ball pythons (D:1)
  8 endoplasms
  4 giant cockroaches
  5 goblins
  6 hobgoblins
  11 jackals (D:4)
  A quokka (D:1)
  9 bats
  A frilled lizard (D:2)
  5 kobolds
  2 rats
85 creatures vanquished.

Vanquished Creatures (others)
  3 plants
3 creatures vanquished.

Grand Total: 88 creatures vanquished

Notes
Turn   | Place    | Note
-------+----------+-------------------------------------------
     0 | D:1      | jejorda2 the Merfolk Berserker began the quest for the Orb.
     0 | D:1      | Reached XP level 1. HP: 18/18 MP: 1/1
   240 | D:1      | Reached XP level 2. HP: 19/24 MP: 2/2
   447 | D:1      | Reached XP level 3. HP: 29/29 MP: 3/3
   508 | D:1      | Found Moaster's Antique Weapon Emporium.
   613 | D:1      | Found Epucaoluask's Distillery.
   620 | D:1      | Bought a potion of curing for 36 gold pieces
   969 | D:1      | Reached skill level 5 in Polearms
  1172 | D:1      | Bought a potion of heal wounds for 60 gold pieces
  1211 | D:2      | Reached ** piety under Trog
  2094 | D:3      | Noticed Natasha
  2104 | D:3      | Killed Natasha
  2105 | D:3      | Reached XP level 4. HP: 37/37 MP: 4/4
  2118 | D:3      | Noticed Natasha
  2131 | D:3      | Killed Natasha
  2224 | D:3      | Found Bevoicac's Distillery.
  2254 | D:3      | Noticed Natasha
  2264 | D:3      | Killed Natasha
  2265 | D:3      | Reached XP level 5. HP: 32/42 MP: 5/5
  2414 | D:3      | Noticed a sky beast
  2426 | D:3      | Killed a sky beast
  2427 | D:3      | Reached skill level 6 in Polearms
  2427 | D:3      | Found a faded altar of an unknown god.
  2427 | D:3      | Found the Hermit's Pendant {Faith Invo=14 Evo=0 MP+5}
  2596 | D:3      | Found Juarie's Weapon Emporium.
  2699 | D:3      | Found Punawamp's Weapon Shop.
  2714 | D:3      | Bought 2 poisoned darts for 15 gold pieces
  2749 | D:3      | Reached XP level 6. HP: 49/49 MP: 16/16
  2763 | D:3      | Found Zeggum Piaze's Assorted Antiques.
  2782 | D:3      | Bought a scroll labelled IFIFYPA LEFIN for 24 gold pieces
  2782 | D:3      | Bought a scroll labelled IFIFYPA LEFIN for 24 gold pieces
  2989 | D:4      | Found a shimmering blue altar of Sif Muna.
  2998 | D:4      | Noticed an ice beast
  3008 | D:4      | Killed an ice beast
  3009 | D:4      | Reached skill level 7 in Polearms
  3405 | D:4      | Reached skill level 5 in Fighting
  3411 | D:4      | Reached XP level 7. HP: 41/56 MP: 17/17
  3541 | D:4      | Reached *** piety under Trog
  3828 | D:4      | Reached skill level 8 in Polearms
  3969 | D:4      | Succumbed to an orc's poison

Illustrated notes

Levels and vault maps discovered:
D:1:      psy_arrival_fountain, layout_basic, serial_shops, shop,
          nicolae_shop_stone, minmay_small_reverse_x
D:2:      layout_basic, serial_bayou, serial_bayou_lagoon_b,
          serial_bayou_shore_a, serial_bayou_shore_b, serial_bayou_lagoon_a,
          serial_bayou_lake_a, serial_bayou_pond_c, hex_medium
D:3:      layout_basic, serial_shops, nicolae_square_shop, shop, shop, shop,
          columned_hall_lemuel, minmay_misc_feat_x,
          hellmonk_guarded_unrand_hermit, uniq_natasha
D:4:      lemuel_castle_with_subvaults [lemuel_castle_interior_carwin_2],
          layout_cave_pools, overflow_temple_1_default, serial_forest,
          infiniplex_forest_lined_corner, infiniplex_forest_end_1,
          infiniplex_forest_lined_2, infiniplex_forest_clump_diagonal,
          infiniplex_forest_fountain, infiniplex_forest_clump_tiny,
          infiniplex_forest_clump_medium, minmay_stone_trees_small,
          minmay_misc_feat_more_columns

Skill      XL: |  1  2  3  4  5  6  7 |
---------------+----------------------+-----
Polearms       | 5 6 7 8 |  8.4
Armour         | 2 3 |  3.3
Fighting       | 4 5 |  5.4
Dodging        | |  2.6

Action                     |  1- 3 |  4- 6 |  7- 9 || total
---------------------------+-------+-------+-------++-------
  Melee: Spear             |   114 |    13 |       ||   127
         Trident           |       |    92 |    82 ||   174
         Tailslap          |       |     3 |     6 ||     9
  Throw: Stone             |       |       |     3 ||     3
 Invoke: Berserk           |     1 |     1 |     1 ||     3
         Trog's Hand       |     1 |       |       ||     1
   Stab: Sleeping          |     1 |       |       ||     1
 Armour: Animal skin       |    15 |       |       ||    15
         Scale mail        |     5 |    44 |    21 ||    70
         Leather armour    |     1 |       |       ||     1
         Chain mail        |       |       |     5 ||     5
  Dodge: Dodged            |    46 |    42 |    22 ||   110
  Block: Buckler           |     6 |     8 |    13 ||    27

Table legend: (Time is in decaauts)
 A = Elapsed time spent in this place.
 B = Non-inter-level travel time spent in this place.
 C = Inter-level travel time spent in this place.
 D = Time resting spent in this place.
 E = Time spent auto-exploring this place.
 F = Levels seen in this place.
 G = Mean time per level.
                   A        B        C        D        E       F      G
               +--------+--------+--------+--------+--------+-----+--------+
         Total |   3871 |   3705 |    166 |    131 |   2913 |   4 |  967.8 |
       Dungeon |   3871 |   3705 |    166 |    131 |   2913 |   4 |  967.8 |
               +--------+--------+--------+--------+--------+-----+--------+

Top non-repeatable levels by time:
     D:1: 1063 daAuts
     D:2: 954 daAuts
     D:4: 950 daAuts
     D:3: 903 daAuts
